 Dungeon Crawl Stone Soup version 0.27-a0-1322-gfdffb62a71 (webtiles) character file.

Game seed: 8374691559818515495

86 sanka the Insei (level 4, -2/32 HPs)
             Began as an Octopode Monk on June 22, 2021.
             Slain by a black bear (4 damage)
             ... on level 4 of the Dungeon.
             The game lasted 00:02:24 (2531 turns).

sanka the Insei (Octopode Monk)                     Turns: 2531, Time: 00:02:25

Health: -2/32      AC:  1    Str: 10    XL:     4   Next: 49%
Magic:  4/4        EV: 14    Int: 12    God:
Gold:   104        SH:  0    Dex: 15    Spells: 3/3 levels left

rFire    . . .     SeeInvis .     - Unarmed
rCold    + . .     Faith    .   (no shield)
rNeg     . . .     Spirit   .   (helmet restricted)
rPois    .         Reflect  .   (no amulet)
rElec    .         Harm     .   e - ring of willpower
rCorr    .         Rampage  .   j - ring of protection from cold
Will     +....                  (no ring)
Stlth    +++.......             (no ring)
HPRegen  0.10/turn              (no ring)
MPRegen  0.09/turn              (no ring)
                                (no ring)
                                (no ring)

@: attractive
A: almost no armour, amphibious, 8 rings, camouflage 1, gelatinous body 1,
(nimble swimmer 1), tentacles
a: no special abilities


You were on level 4 of the Dungeon.
You visited 1 branch of the dungeon, and saw 4 of its levels.

You collected 104 gold pieces.


Innate Abilities, Weirdness & Mutations

You cannot wear most types of armour.
You are amphibious.
You can wear up to eight rings at the same time.
Your skin changes colour to match your surroundings (Stealth+).
Your rubbery body absorbs attacks. (AC +1, EV +1)
((You are camouflaged near water. (Stealth+)))
You have tentacles for arms and can constrict up to eight enemies at once.


   Skills:
 + Level 3.6 Fighting
 + Level 3.5 Dodging
 - Level 2.6 Stealth
 * Level 4.2 Unarmed Combat


You had 3 spell levels left.
You didn't know any spells.
Your spell library was empty.

Inventory:

Armour
 i - a +0 buckler
Jewellery
 e - a ring of willpower (left tentacle)
 j - a ring of protection from cold (right tentacle)
Scrolls
 a - a scroll of silence {unknown}
 b - 3 scrolls of teleportation {unknown}
 c - a scroll of enchant armour {unknown}
 h - a scroll of torment {unknown}
 k - a scroll of identify {unknown}
Potions
 d - a potion of attraction {!q}
 f - a potion of curing {@q1}
 g - a potion of mutation {unknown}

Dungeon Overview and Level Annotations

Branches:
Dungeon (4/15)
 Temple: D:4-7

Altars:
Hepliaklqana

Annotations:
D:3 Grinder

▒▒▒▒▒▒▒
▒▒▒▒▒▒▒▒▒.....▒
▒.Zxh.........▒
▒..▒▒▒▒▒▒▒.....▒
.... ▒▒▒.▒▒▒
.... ▒.▒ .▒▒ ▒.▒
▒.▒▒▒▒▒▒▒▒
▒.▒......▒
▒.▒......▒
...▒▒▒▒.▒......▒


You could see a black bear and a hound skeleton.


Message History

The black bear misses you.
You bludgeon the hound skeleton! You grab the hound skeleton.
The hound skeleton is moderately damaged.
You constrict the hound skeleton. The hound skeleton bites you.
* * * LOW HITPOINT WARNING * * *
The black bear barely misses you.
The black bear claws you but does no damage.
The black bear claws you.
* * * LOW HITPOINT WARNING * * *
The hound skeleton bites you.
* * * LOW HITPOINT WARNING * * *
You tentacle-slap the hound skeleton but do no damage.
The hound skeleton is heavily damaged.
You constrict the hound skeleton. The black bear closely misses you.
The black bear completely misses you. The black bear claws you.
* * * LOW HITPOINT WARNING * * *
The hound skeleton bites you.
* * * LOW HITPOINT WARNING * * *
You tentacle-slap the hound skeleton.
The hound skeleton is almost destroyed.
You constrict the hound skeleton. The hound skeleton bites you.
* * * LOW HITPOINT WARNING * * *
The black bear misses you. The black bear claws you.
You die...

Action                   |  1- 3 |  4- 6 || total
-------------------------+-------+-------++-------
Melee: Unarmed           |    84 |    23 ||   107
       Constrict         |    20 |     5 ||    25
       Tentacles         |     8 |     7 ||    15
       Punch             |     1 |       ||     1
  Use: Potion            |       |     2 ||     2
 Stab: Sleeping          |    12 |     2 ||    14
Armor: Skin              |     7 |     1 ||     8
Dodge: Dodged            |    41 |    19 ||    60

Levels and vault maps discovered:
D:1:      mrwooster_arrival_statue, layout_rooms,
          chequers_ecumenical_altar_lobes, serial_bayou_lagoon_a,
          minmay_pentomino_v4
D:2:      layout_loops_ring, basic_altar, minmay_statues_item
D:3:      layout_basic, nicolae_overflow_hidden_temple, uniq_ijyb, uniq_jessica,
          uniq_grinder
D:4:      layout_rooms, slow_altar_2, amcnicky_altar_gilded,
          lemuel_crystal_altar

Notes
Turn   | Place    | Note
-------+----------+-------------------------------------------
     0 | D:1      | sanka the Octopode Monk began the quest for the Orb.
     0 | D:1      | Reached XP level 1. HP: 16/16 MP: 1/1
   152 | D:1      | Reached XP level 2. HP: 16/21 MP: 2/2
   540 | D:1      | Found a faded altar of an unknown god.
   677 | D:1      | Reached XP level 3. HP: 24/26 MP: 3/3
  1174 | D:2      | Found a hazy altar of Hepliaklqana.
  1975 | D:3      | Reached skill level 4 in Unarmed Combat
  2165 | D:3      | Reached XP level 4. HP: 20/31 MP: 4/4
  2488 | D:3      | Noticed Grinder
  2498 | D:4      | Noticed a black bear
  2531 | D:4      | HP: 2/32 [hound skeleton (2)]
  2531 | D:4      | Slain by a black bear

Vanquished Creatures
  3 adders
  2 worms (D:3)
  A dart slug (D:1)
  6 bats
  3 endoplasms
  A giant cockroach (D:1)
  5 goblins
  5 hobgoblins
  6 kobolds
  4 quokkas
  4 ball pythons
  2 frilled lizards
  6 rats
48 creatures vanquished.

Vanquished Creatures (others)
  2 plants (D:1)
2 creatures vanquished.

Grand Total: 50 creatures vanquished
